AoeStats
← noam456

Glade

510547406Analyzed
1v1 RM · 23h ago on Oct 1, 2026· 41m 24s· 2 players
Game mode
Random Map
Map size
Tiny (2 player)
Population
200
Speed
Normal
Resources
Standard
Victory
Conquest
Starting age
Dark Age
Ending age
Imperial Age
RankedLock teamsTeams togetherTeam positionsShared explorationLock speedFull tech treeHidden civsTurbo modeCheats
Victory
Defeat
🇺🇸 Inca · United States
592
+15
🇮🇱 Koreans · Israel
573
-15
noam456
11:24 Feudal Age
18:36 Castle Age
16:39 Horse Collar
19:23 Husbandry
24:27 Crossbowman
25:38 Stone Mining
27:32 Pikeman
29:29 Wheelbarrow
30:57 Hand Cart
31:05 Heavy Plow
31:45 Thumb Ring
31:33 Loom
33:29 Stone Shaft Mining
33:21 Town Watch
39:49 Imperial Age
39:26 Town Patrol
El que te Lo Mete
0:41 Loom
12:39 Feudal Age
13:58 Wheelbarrow
18:18 Castle Age
16:36 Double-Bit Axe
17:57 Horse Collar
18:11 Gold Mining
18:59 Heavy Plow
19:29 Scale Mail Armor
26:08 Forging
29:02 Bow Saw
31:21 Gold Shaft Mining
30:48 Squires
31:28 Iron Casting
30:45 Fletching
31:58 Hand Cart
35:03 Chain Mail Armor
37:28 Imperial Age
34:20 Champi Runner
34:59 Bodkin Arrow
35:01 Champi Warrior
36:45 Masonry
38:38 Plate Mail Armor
39:10 Blast Furnace
38:32 Conscription
39:20 Crop Rotation
40:44 Town Watch
Connection lost

Rejoining the realm…

Still unreachable

The connection could not be restored.

Session expired

The server has moved on; the page needs a fresh start.